 Dungeon Crawl Stone Soup version 0.28-b1-1-g3c77fb2ed1 (webtiles) character file.

Game seed: 10229764602247200298

391 Akaron the Conjurer (level 6, 0/36 HPs)
             Began as an Octopode Conjurer on Jan 30, 2022.
             Killed by divine providence
             ... invoked by an orc priest
              (13 damage)
             ... on level 4 of the Dungeon.
             The game lasted 00:09:46 (4732 turns).

Akaron the Conjurer (Octopode Conjurer)             Turns: 4732, Time: 00:09:47

Health: 0/36       AC:  1    Str:  7    XL:     6   Next: 80%
Magic:  5/12       EV: 13    Int: 22    God:
Gold:   66         SH:  0    Dex: 10    Spells: 10/13 levels left

rFire   . . .      SeeInvis .   n - +2 flail (protect)
rCold   . . .      Faith    .   (no shield)
rNeg    . . .      Spirit   .   (helmet restricted)
rPois   .          Reflect  .   (no amulet)
rElec   .          Harm     .   (no ring)
rCorr   .          Rampage  .   (no ring)
Will    .....                   (no ring)
Stlth   +++.......              (no ring)
HPRegen 0.12/turn               (no ring)
MPRegen 0.13/turn               (no ring)
                                (no ring)
                                (no ring)

@: no status effects
A: almost no armour, amphibious, 8 rings, camouflage 1, gelatinous body 1,
(nimble swimmer 1), tentacles
a: no special abilities


You were on level 4 of the Dungeon.
You visited 1 branch of the dungeon, and saw 5 of its levels.
You also visited: Sewer.

You collected 66 gold pieces.

Inventory:

Hand Weapons
 n - a +2 flail of protection (weapon)
Missiles
 m - 4 poisoned darts
Magical Staves
 a - a staff of cold
Scrolls
 c - a scroll of amnesia {unknown}
 d - a scroll of vulnerability {unknown}
 e - 2 scrolls of identify
 g - 2 scrolls of enchant armour
 i - a scroll of noise {unknown}
 j - a scroll of fear {unknown}
 k - a scroll of blinking
Potions
 b - a potion of berserk rage
 f - 3 potions of heal wounds {unknown}
 h - a potion of flight {unknown}
 l - a potion of haste {unknown}


   Skills:
 + Level 0.2 Fighting
 + Level 0.9 Staves
 + Level 2.3 Dodging
 + Level 4.4 Stealth
 + Level 4.0 Spellcasting
 + Level 6.0 Conjurations


You had 10 spell levels left.
You knew the following spells:

 Your Spells              Type           Power      Damage    Failure   Level
a - Magic Dart            Conj           100%       1d8       1%          1
b - Searing Ray           Conj           62%        2d6       1%          2

Your spell library contained the following spells:

 Spells                   Type           Power      Damage    Failure   Level
 Dazzling Flash           Conj/Hex       34%        N/A       10%         3
 Sublimation of Blood     Necr           4%         N/A       17%         2
 Wereblood                Tmut           4%         N/A       17%         2
 Fulminant Prism          Conj/Hex       8%         3d7       32%         4
 Iskenderun's Mystic Bla  Conj/Tloc      17%        2d5       32%         4
 Summon Hydra             Summ           2%         N/A       100%        7


Dungeon Overview and Level Annotations

Branches:
Dungeon (5/15)              Sewer (visited)
 Temple: D:4-7

Altars:


Innate Abilities, Weirdness & Mutations

You cannot wear most types of armour.
You are amphibious.
You can wear up to eight rings at the same time.
Your skin changes colour to match your surroundings (Stealth+).
Your rubbery body absorbs attacks. (AC +1, EV +1)
((You are camouflaged when in or above water. (Stealth+)))
You have tentacles for arms and can constrict up to eight enemies at once.


Message History

HP restored.
Magic restored.
Done exploring.
You climb downwards.
The orc priest casts a cantrip, but nothing happens.
The jackal barks!
There is a stone staircase leading up here.
Casting: Searing Ray (safe; 1% risk of failure)
Confirm with . or Enter, or press ? or * to list all spells.
Aiming: Searing Ray (safe; 1% risk of failure)
Press: ? - help, Shift-Dir - straight line, f - jackal
Aim: a jackal (74% to hit)
The searing ray hits the orc priest.
The orc priest is lightly wounded.
The searing ray hits the jackal!
You kill the jackal! (Press . to maintain the ray.)
The searing ray hits the orc priest.
The orc priest is heavily wounded.
The orc priest hits you with a +0 club.
The searing ray hits the orc priest but does no damage.
The orc priest is heavily wounded.
The orc priest hits you with a +0 club.
The searing ray hits the orc priest.
The orc priest is severely wounded.
You finish channelling your searing ray.
The orc priest hits you with a +0 club.
The orc priest calls down the wrath of Beogh upon you.
Beogh smites you!
Casting: Searing Ray (safe; 1% risk of failure)
Confirm with . or Enter, or press ? or * to list all spells.
Aiming: Searing Ray (safe; 1% risk of failure)
Press: ? - help, Shift-Dir - straight line, f - orc
Aim: an orc, wielding a +0 mace and wearing a +0 chain mail (85% to hit)
The searing ray misses the orc priest.
The searing ray hits the orc!
You kill the orc! (Press . to maintain the ray.)
The orc priest mumbles some strange prayers to Beogh against you.
Beogh smites you!
You die...

##o...#
#h...#
########....#
.......o#####
#######...##
###..# ###)##
####.o..#
#...@##.#
...........#
..#...#....#
#..###..##
#.# #.# #. .#
# .# .#


You could see an orc priest.

Vanquished Creatures
  A bullfrog (Sewer)
  2 bullfrog skeletons
  A centaur skeleton (D:5)
  A killer bee zombie (D:5)
  3 gnolls (D:3)
  6 adders
  A white imp (D:5)
  4 worms
  A dart slug (D:2)
  10 orcs
  7 ball pythons
  6 bats
  5 endoplasms
  9 giant cockroaches
  13 goblins
  7 hobgoblins
  7 jackals
  12 quokkas
  A ball python skeleton (D:2)
  8 frilled lizards
  A kobold (D:1)
  6 rats
112 creatures vanquished.

Notes
Turn   | Place    | Note
-------+----------+-------------------------------------------
     0 | D:1      | Akaron the Octopode Conjurer began the quest for the Orb.
     0 | D:1      | Reached XP level 1. HP: 11/11 MP: 3/3
   520 | D:1      | Reached XP level 2. HP: 17/17 MP: 1/5
   834 | D:1      | Learned a level 2 spell: Searing Ray
   971 | D:1      | Reached XP level 3. HP: 21/21 MP: 0/6
  1740 | D:2      | Reached skill level 5 in Conjurations
  1740 | D:2      | Reached XP level 4. HP: 27/27 MP: 0/7
  2626 | D:3      | Found a glowing drain.
  2637 | Sewer    | Entered a sewer
  2922 | Sewer    | Reached XP level 5. HP: 31/31 MP: 5/8
  3472 | D:3      | Reached XP level 6. HP: 36/36 MP: 5/11
  3722 | D:3      | You fall into a shaft and drop 2 floors!
  3722 | D:5      | Entered Level 5 of the Dungeon
  4525 | D:3      | Reached skill level 6 in Conjurations
  4732 | D:4      | Killed from afar by an orc priest

Illustrated notes

Levels and vault maps discovered:
D:1:      minmay_arrival_cross, layout_basic
D:2:      minmay_general_purpose_star, layout_basic, minmay_misc_feat_tiny
D:3:      layout_rooms, cheibrodos_sewer_entry_drain, minmay_tree_intersection
D:4:      layout_rooms, nicolae_overflow_crystal_walls, serial_shops,
          nicolae_shop_advertising_works [nicolae_subvault_shop_adworks]
D:5:      minmay_angry_zag, layout_rooms, gammafunk_ghost_gnarly_gnolls,
          minmay_guarded_unrand_staff_of_olgreb

Skill      XL: |  1  2  3  4  5  6 |
---------------+-------------------+-----
Stealth        | 3 4 |  4.4
Conjurations   | 5 6 |  6.0
Spellcasting   | 3 4 |  4.0
Fighting       | |  0.2
Staves         | |  0.9
Dodging        | |  2.3

Action                   |  1- 3 |  4- 6 || total
-------------------------+-------+-------++-------
Melee: Staff             |     5 |    11 ||    16
       Constrict         |     1 |     3 ||     4
       Tentacles         |       |     4 ||     4
       Punch             |       |     1 ||     1
       Flail             |       |     1 ||     1
 Cast: Magic Dart        |    58 |   136 ||   194
       Searing Ray       |       |    16 ||    16
  Use: Scroll            |       |     2 ||     2
Armor: Skin              |       |     5 ||     5
Dodge: Dodged            |     3 |    32 ||    35
